 Dungeon Crawl Stone Soup version 0.29-a0-25-g7f48f510a0 (webtiles) character file.

Game seed: 2582806046155610049

2959 Ajdolov the Destroyer (level 9, -2/51 HPs)
             Began as an Octopode Earth Elementalist on Feb 1, 2022.
             Was a Believer of Vehumet.
             Slain by a shadow (8 damage)
             ... on level 6 of the Dungeon.
             The game lasted 00:18:26 (8758 turns).

Ajdolov the Destroyer (Octopode Earth Elementalist) Turns: 8758, Time: 00:18:27

Health: -2/51      AC:  1    Str:  7    XL:     9   Next: 81%
Magic:  17/19      EV: 13    Int: 21    God:    Vehumet [**....]
Gold:   376        SH:  5    Dex: 13    Spells: 17/21 levels left

rFire   + . .      SeeInvis +   n - +1 whip (elec)
rCold   . . .      Faith    .   (no shield)
rNeg    . . .      Spirit   .   (helmet restricted)
rPois   .          Reflect  +   m - amulet of reflection
rElec   .          Harm     .   c - ring of see invisible
rCorr   .          Rampage  .   y - ring of protection from fire
Will    .....                   (no ring)
Stlth   +++.......              (no ring)
HPRegen 0.17/turn               (no ring)
MPRegen 0.16/turn               (no ring)
                                (no ring)
                                (no ring)

@: brilliant
A: almost no armour, amphibious, 8 rings, camouflage 1, gelatinous body 1,
(nimble swimmer 1), tentacles
a: Renounce Religion


You were on level 6 of the Dungeon.
You worshipped Vehumet.
Vehumet was pleased with you.
You visited 2 branches of the dungeon, and saw 8 of its levels.

You collected 376 gold pieces.

Inventory:

Hand Weapons
 n - a +1 whip of electrocution (weapon)
Missiles
 b - 136 stones
Jewellery
 c - a ring of see invisible (left tentacle)
 k - a ring of ice
 m - an amulet of reflection (around mantle)
 y - a ring of protection from fire (right tentacle)
Wands
 q - a wand of flame (7)
 r - a wand of mindburst (11)
Scrolls
 a - 11 scrolls of identify {unknown}
 e - 3 scrolls of enchant armour {unknown}
 f - 2 scrolls of teleportation
 i - 2 scrolls of noise {unknown}
 l - a scroll of magic mapping {unknown}
 p - a scroll of amnesia {unknown}
 s - a scroll of holy word {unknown}
 t - a scroll of brand weapon {unknown}
 v - a scroll of enchant weapon {unknown}
 w - a scroll of vulnerability {unknown}
 x - a scroll of immolation {unknown}
Potions
 d - a potion of mutation {unknown}
 h - a potion of flight {unknown}
 j - a potion of brilliance
 o - 2 potions of lignification {unknown}
 u - a potion of magic {unknown}


   Skills:
 - Level 2.0 Dodging
 - Level 2.6 Stealth
 * Level 6.6 Spellcasting
 + Level 8.3 Conjurations
 - Level 1.0 Transmutations
 - Level 8.2 Earth Magic


You had 17 spell levels left.
You knew the following spells:

 Your Spells              Type           Power      Damage    Failure   Level
a - Sandblast             Erth           100%       2d20      1%          1
b - Stone Arrow           Conj/Erth      100%       3d13      1%          3

Your spell library contained the following spells:

 Spells                   Type           Power      Damage    Failure   Level
 Magic Dart               Conj           100%       1d8       1%          1
 Shock                    Conj/Air       100%       1d9       1%          1
 Passwall                 Tmut/Erth      32%        N/A       1%          2
 Summon Small Mammal      Summ           40%        N/A       10%         1
 Petrify                  Tmut/Erth      39%        N/A       14%         4
 Call Canine Familiar     Summ           10%        N/A       28%         3
 Summon Guardian Golem    Hex/Summ       10%        N/A       28%         3
 Swiftness                Air            10%        N/A       28%         3
 Airstrike                Air            5%         N/A       67%         4
 Lehudib's Crystal Spear  Conj/Erth      29%        10d8      100%        8
 Animate Armour           Summ/Erth      Unusable   N/A       N/A         4

Dungeon Overview and Level Annotations

Branches:
Dungeon (7/15)             Temple (1/1) D:4

Altars:
Ashenzari
Cheibriados
Dithmenos
Elyvilon
Gozag
Hepliaklqana
Kikubaaqudgha
Makhleb
Nemelex Xobeh
Qazlal
Ru
Sif Muna
Trog
Uskayaw
Vehumet
Wu Jian
Xom
Yredelemnul
Zin
The Shining One

Shops:
D:2 (   D:5 (   D:6 *[[*

Annotations:
D:7 2 transporters


Innate Abilities, Weirdness & Mutations

You cannot wear most types of armour.
You are amphibious.
You can wear up to eight rings at the same time.
Your skin changes colour to match your surroundings (Stealth+).
Your rubbery body absorbs attacks. (AC +1, EV +1)
((You are camouflaged when in or above water. (Stealth+)))
You have tentacles for arms and can constrict up to eight enemies at once.


Message History

Okay, then.
You feel better. The shadow closely misses you.
An orc priest comes into view. It is wielding a +0 short sword.
The howler monkey hoots and howls with incredible vigour!
You hear a shout!
You hear an angry hiss.
The gnoll shaman calls down the wrath of its god upon you.
You easily resist.
The shadow closely misses you. You block the shadow's attack.
The howler monkey hoots and howls with incredible vigour!
You hear a shout!
The shadow slips into darkness.
The shadow flickers and vanishes for a moment.
The shadow barely misses you.
The howler monkey hoots and howls with incredible vigour!
The shadow barely misses you.
An iguana comes into view.
The shadow barely misses you.
The howler monkey hoots and howls with incredible vigour!
The iguana hisses angrily.
You hear a shout!
You hear a howl!
You hear a shout!
You block the shadow's attack.
You see here a +0 falchion.
The shadow hits you.
There is a stone staircase leading up here.
The howler monkey hoots and howls with incredible vigour!
The shadow hits you!
* * * LOW HITPOINT WARNING * * *
You hear a howl!
You hear a shout!
You climb upwards.
There is a stone staircase leading down here.
It was a potion of brilliance.
You feel clever all of a sudden.
The shadow slips into darkness.
The shadow flickers and vanishes for a moment.
Aiming: Sandblast (safe; 1% risk of failure)
Press: ? - help, Q - select action, (/) - cycle Shift-Dir - straight line, f - shadow
Aim: a shadow (slightly transparent, 84% to hit)
You feel a surge of power!
The blast of sand hits the shadow!
The shadow is moderately damaged.
The shadow hits you!
You die...

........# #.#
........# #.#
........# #.#
........# #.#
........# #.#
........# #####.#
........# #.....#
........########W#####
................@#
...###############
...# ...# ...###
.....# .....# .....#
.....#


You could see a shadow (invisible).

Vanquished Creatures
  2 wyverns (D:7)
  Eustachio (D:4)
  An ice beast (D:7)
  2 black bears
  An orc warrior (D:4)
  2 sky beasts
  3 ogres
  A necrophage (D:6)
  A phantom (D:7)
  3 bullfrogs
  A gnoll sergeant (D:5)
  2 scorpions
  2 water moccasin zombies
  2 water moccasin skeletons
  A wight (D:7)
  A howler monkey (D:7)
  2 bullfrog zombies
  2 orc priests
  4 hounds
  A jelly (D:7)
  3 centaur skeletons
  6 orc wizards
  Natasha (twice) (D:4)
  2 iguanas
  A howler monkey skeleton (D:6)
  11 gnolls
  4 adders
  2 white imps (D:6)
  A worm (D:4)
  4 dart slugs
  13 orcs
  6 bats
  9 endoplasms
  4 giant cockroaches
  10 goblins
  7 hobgoblins
  2 jackals (D:2)
  13 kobolds
  A quokka (D:1)
  7 ball pythons
  3 frilled lizards
  5 rats
151 creatures vanquished.

Vanquished Creatures (others)
  An orc (D:4)
  5 plants (D:6)
6 creatures vanquished.

Grand Total: 157 creatures vanquished

Notes
Turn   | Place    | Note
-------+----------+-------------------------------------------
     0 | D:1      | Ajdolov the Octopode Earth Elementalist began the quest for
                  | the Orb.
     0 | D:1      | Reached XP level 1. HP: 11/11 MP: 3/3
   188 | D:1      | Reached XP level 2. HP: 17/17 MP: 1/5
   540 | D:1      | Found a faded altar of an unknown god.
   762 | D:1      | Reached XP level 3. HP: 21/21 MP: 4/6
  1146 | D:2      | Learned a level 3 spell: Stone Arrow
  1394 | D:2      | Found Kodadoid's Weapon Emporium.
  1762 | D:2      | Reached XP level 4. HP: 17/27 MP: 1/7
  2009 | D:2      | Reached skill level 1 in Conjurations
  2264 | D:3      | Reached skill level 5 in Earth Magic
  2264 | D:3      | Reached XP level 5. HP: 25/31 MP: 2/8
  2726 | D:3      | Noticed an ogre
  2733 | D:3      | Killed an ogre
  2734 | D:3      | Reached XP level 6. HP: 33/36 MP: 5/9
  2925 | D:4      | Found a stormy altar of Qazlal.
  2926 | D:4      | Noticed an orc warrior
  3450 | D:4      | Found a staircase to the Ecumenical Temple.
  3751 | D:4      | Reached XP level 7. HP: 10/41 MP: 2/10
  4307 | D:4      | Noticed Eustachio
  4317 | D:4      | Killed Eustachio
  4318 | D:4      | Reached skill level 5 in Conjurations
  4646 | D:4      | Found a white marble altar of Elyvilon.
  4646 | D:4      | Found a shimmering altar of Xom.
  4721 | Temple   | Entered the Ecumenical Temple
  4834 | Temple   | Became a worshipper of Vehumet
  5029 | D:4      | Noticed Natasha
  5037 | D:4      | Killed Natasha
  5144 | D:4      | Noticed Natasha
  5152 | D:4      | Killed Natasha
  5344 | D:5      | Entered Level 5 of the Dungeon
  5457 | D:4      | Reached XP level 8. HP: 11/46 MP: 4/11
  6024 | D:5      | Found Epyhicin's Antique Weapon Shop.
  6064 | D:5      | Found a glowing golden altar of the Shining One.
  7108 | D:6      | Reached * piety under Vehumet
  7108 | D:6      | Offered knowledge of Freeze by Vehumet.
  7299 | D:6      | Found Atsix's Armour Boutique.
  7350 | D:6      | Reached XP level 9. HP: 51/51 MP: 3/14
  7485 | D:6      | Found a sacrificial altar of Ru.
  7537 | D:6      | Found Jem Nomp's Antique Armour Emporium.
  7689 | D:6      | Found Tiotao's Assorted Antiques.
  7979 | D:6      | Found Ritodgh's Assorted Antiques.
  8187 | D:7      | Noticed a gargoyle
  8187 | D:7      | Found a transporter.
  8197 | D:7      | Reached skill level 5 in Spellcasting
  8211 | D:7      | Found a hide-covered altar of Uskayaw.
  8213 | D:7      | Found a transporter.
  8597 | D:7      | Offered knowledge of Magic Dart by Vehumet.
  8600 | D:7      | Reached ** piety under Vehumet
  8758 | D:6      | Slain by a shadow

Illustrated notes

Levels and vault maps discovered:
D:1:      lightli_iron_boxes, layout_loops_ring, basic_ecumenical_altar
D:2:      layout_basic, serial_shops, nicolae_shop_hallway_stairs
D:3:      layout_loops_cross
D:4:      layout_basic, gammafunk_temple_overflow_statue,
          nicolae_qazlal_scattered_showers, minmay_temple_entry_hall,
          enter_ossuary_3, minmay_ruptured, uniq_natasha, uniq_eustachio
D:5:      layout_basic, tso_oasis_becter, nicolae_stop_n_shop_1,
          grunt_ministairs_14
D:6:      layout_basic, nicolae_ru_the_path_less_chosen, serial_shops,
          kennysheep_little_box, nicolae_stop_n_shop_1,
          nicolae_shop_overgrown_old_shop, nicolae_shop_statue_plus
D:7:      nzn_winding_woodlands_small [nzn_winding_woodlands_5x15_default,
          nzn_winding_woodlands_center_pierced_h,
          nzn_winding_woodlands_5x15_default], layout_layer_cave,
          lemuel_tele_altar, gammafunk_temple_overflow_arena
Temple:   eino_temple_water

Skill      XL: |  1  2  3  4  5  6  7  8  9 |
---------------+----------------------------+-----
Earth Magic    | 4 5 6 7 8 |  8.2
Conjurations   | 2 3 4 5 7 8 |  8.3
Spellcasting   | 3 6 |  6.6
Dodging        | |  2.0
Stealth        | |  2.6
Transmutations | |  1.0

Action                   |  1- 3 |  4- 6 |  7- 9 || total
-------------------------+-------+-------+-------++-------
Melee: Constrict         |     5 |     5 |    16 ||    26
       Tentacles         |     3 |     4 |    17 ||    24
       Unarmed           |     1 |       |       ||     1
       Dagger            |    31 |    33 |       ||    64
       Punch             |     1 |       |       ||     1
       Whip              |       |       |    68 ||    68
 Cast: Sandblast         |    38 |    31 |    69 ||   138
       Stone Arrow       |       |     5 |    48 ||    53
  Use: Potion            |       |       |     2 ||     2
       Scroll            |       |       |     1 ||     1
 Stab: Sleeping          |     5 |    11 |     7 ||    23
Armor: Skin              |     6 |     4 |     5 ||    15
Dodge: Dodged            |    22 |    27 |    41 ||    90
Block: Other             |       |     3 |    14 ||    17
       Reflection        |       |     1 |       ||     1

Table legend: (Time is in decaauts)
 A = Elapsed time spent in this place.
 B = Non-inter-level travel time spent in this place.
 C = Inter-level travel time spent in this place.
 D = Time resting spent in this place.
 E = Time spent auto-exploring this place.
 F = Levels seen in this place.
 G = Mean time per level.
                   A        B        C        D        E       F      G
               +--------+--------+--------+--------+--------+-----+--------+
         Total |   8765 |   8522 |    243 |   1157 |   5999 |   8 | 1095.6 |
       Dungeon |   8633 |   8408 |    225 |   1157 |   5910 |   7 | 1233.3 |
        Temple |    132 |    114 |     18 |      0 |     89 |   1 |  132.0 |
               +--------+--------+--------+--------+--------+-----+--------+

Top non-repeatable levels by time:
     D:4: 2464 daAuts
     D:5: 1278 daAuts
     D:6: 1233 daAuts
     D:1: 1065 daAuts
     D:3: 1057 daAuts
     D:2: 963 daAuts
     D:7: 569 daAuts
  Temple: 132 daAuts
